 Dungeon Crawl Stone Soup version 0.26-a0-660-gc07710193c (webtiles) character file.

Game seed: 16017570405441633273

33469 Decritt the Cleaver (level 13, 0/119 HPs)
             Began as a Minotaur Berserker on Oct 6, 2020.
             Was a High Priest of Trog.
             Succumbed to an orc knight's poison
             ... on level 2 of the Orcish Mines.
             The game lasted 01:23:25 (18982 turns).

Decritt the Cleaver (Minotaur Berserker)           Turns: 18982, Time: 01:23:26

Health: 0/119      AC: 35    Str: 24    XL:     13   Next: 37%
Magic:  12/12      EV: 15    Int:  4    God:    Trog [*****.]
Gold:   1642       SH:  0    Dex: 17    Spells: 12/12 levels left

rFire    . . .     SeeInvis +   a - +7 executioner's axe (flame)
rCold    . . .     Faith    .   (shield currently unavailable)
rNeg     + . .     Spirit   .   J - +10 plate armour {ponderous}
rPois    .         Reflect  .   (helmet restricted)
rElec    .         Harm     .   j - +1 cloak
rCorr    +         Rampage  .   f - +0 pair of gloves
MR       ++...                  y - +4 pair of boots of Unutuut {rN+ Dex+4}
Stlth    ..........             i - amulet of the acrobat
HPRegen  1.29/turn              c - ring of resist corrosion
MPRegen  0.13/turn              q - ring of see invisible

@: lethally poisoned (0 -> -6), berserk cooldown, regenerating, slowed, very
slow
A: retaliatory headbutt, horns 2
a: Berserk, Trog's Hand, Brothers in Arms, Renounce Religion


You were on level 2 of the Orcish Mines.
You worshipped Trog.
Trog was extremely pleased with you.
You visited 3 branches of the dungeon, and saw 16 of its levels.

You collected 1642 gold pieces.

Inventory:

Hand Weapons
 a - a +7 executioner's axe of flaming (weapon)
 F - the +2 executioner's axe "Azeron Coga" {vorpal, rC+ Int+3}
   (Trog gifted it to you on level 12 of the Dungeon)

   It inflicts extra damage upon your enemies.
   It affects your intelligence (+3).
   It protects you from cold.
Missiles
 v - 4 poisoned darts (quivered)
 x - 4 javelins
Armour
 f - a +0 pair of gloves (worn)
 j - a +1 cloak (worn)
 y - the +4 pair of boots of Unutuut (worn) {rN+ Dex+4}
   (You found it on level 5 of the Dungeon)

   It affects your dexterity (+4).
   It protects you from negative energy.
 J - a +10 plate armour of ponderousness (worn)
Jewellery
 c - a ring of resist corrosion (left hand)
 i - an amulet of the acrobat (around neck)
 q - a ring of see invisible (right hand)
 C - an uncursed ring of protection from fire
 E - an uncursed ring of positive energy
Wands
 k - a wand of flame (23)
 r - a wand of digging (6)
 H - a wand of disintegration (16)
Scrolls
 b - a scroll of random uselessness {unknown}
 d - 6 scrolls of remove curse
 g - 2 scrolls of blinking
 h - a scroll of silence
 m - 2 scrolls of fear
 o - a scroll of holy word
 p - 3 scrolls of teleportation
 s - 4 scrolls of magic mapping
 u - 3 scrolls of enchant armour
 A - a scroll of fog {unknown}
Potions
 e - 5 potions of might
 l - 2 potions of mutation
 n - a potion of heal wounds
 w - 3 potions of curing
 z - 2 potions of resistance
 D - a potion of haste
Miscellaneous
 G - a lightning rod (4/4)


   Skills:
 * Level 12.9 Fighting
 + Level 14.7 Axes
 - Level 4.1 Throwing
 * Level 12.7 Armour
 * Level 12.6 Dodging


You had 12 spell levels left.
You didn't know any spells.
Your spell library was empty.

Dungeon Overview and Level Annotations

Branches:
Dungeon (12/15)            Temple (0/1) D:7            Lair (2/6) D:11
    Orc (2/2) D:10            Elf (0/3) Orc:2
  Swamp: Lair:2-4    Shoals: Lair:2-4     Snake: Lair:2-4    Spider: Lair:2-4

Altars:
Dithmenos
Elyvilon
Fedhas
Qazlal
Sif Muna
The Shining One
Beogh

Shops:
D:5 }   D:11 *   D:12 [

Annotations:
D:6 dig!
Orc:1 2 transporters


Innate Abilities, Weirdness & Mutations

You reflexively headbutt those who attack you in melee.
You have a pair of horns on your head.


Message History

The orc knight hits you but does no damage.
You are more poisoned.
You feel a strong urge to attack something.
You feel sick.
You feel sick. The orc knight closely misses you.
You feel your anger nearly subside.
You are no longer berserk.
You are exhausted.
You feel yourself slow down.
You feel sick.
You feel sick.
The orc knight hits you from afar with a +0 halberd of venom.
* * * LOW HITPOINT WARNING * * *
You feel sick.
The orc knight hits you with a +0 halberd of venom!!
* * * LOW HITPOINT WARNING * * *
You are lethally poisoned!
The orc knight completely misses you.
Items here: )) [[ รทรท.
You barely miss the orc knight. You headbutt the orc knight.
The orc knight is heavily wounded.
You die...

.........)))[)))))..........>....
#........)))))..)................
#........))###.)).(..............
###.......[.##....((.............
##..........##.#................
##......#.####.##..(.............
###.....#..##......(.............
#.......####.....o.....(.........
......#####.....@#...............
......# #.......#.....).........
...#.## ##......#######(..######
...### #....#..# ##.......##
.....# ##...#..# #..#.o(#..#
.....## ##^ ...# ##....).(..##
......### ###...# #.).#...#.(.#
......#.# #...###)....)...(.##
........## ##.###.)))#...#....#


You could see an orc knight (strong).

Vanquished Creatures
  Frances (D:12)
  A fire dragon (D:12)
  A hydra (Lair:2)
  2 two-headed ogres
  A death knight (D:12)
  3 orc high priests (Orc:2)
  An unseen horror (D:10)
  2 phantasmal warriors (D:12)
  8 orc knights
  An orc sorcerer (Orc:2)
  2 ugly things (D:11)
  2 manticores
  A black mamba (Lair:2)
  2 cane toads
  A rime drake (Lair:1)
  2 freezing wraiths (D:12)
  5 komodo dragons
  2 trolls
  A blink frog (Lair:2)
  A hornet (D:12)
  16 yaks
  2 wraiths
  A wyvern (D:11)
  Grum (D:10)
  A basilisk (Lair:1)
  3 wargs
  6 water moccasins
  A soldier ant (D:11)
  43 orc warriors
  3 sky beasts
  A hornet zombie (D:8)
  An ice beast (D:5)
  A black bear (D:11)
  2 phantoms
  8 wolves
  10 centaurs
  9 ogres
  3 big kobolds
  8 bullfrogs
  A wyvern skeleton (D:9)
  2 scorpions
  A water moccasin skeleton (D:12)
  14 killer bees
  9 wights
  3 electric eels (D:10)
  A centaur zombie (D:8)
  7 hounds
  2 jellies
  2 quasits
  34 orc priests
  3 bullfrog skeletons
  A gnoll shaman (D:9)
  26 orc wizards
  2 centaur skeletons
  4 iguanas
  9 worker ants
  A hound zombie (D:9)
  3 hound skeletons
  3 gnolls (D:9)
  15 adders
  A howler monkey skeleton (D:6)
  3 shadow imps
  2 white imps
  3 ufetubi
  2 adder skeletons
  2 leopard geckos
  124 orcs
  A ball python (D:2)
  A bat (D:3)
  4 giant cockroaches
  4 goblins
  8 hobgoblins
  10 jackals
  14 kobolds
  7 quokkas
  3 frilled lizards
  A jackal skeleton (D:4)
  A leopard gecko skeleton (D:4)
  A quokka skeleton (D:9)
  4 rats
499 creatures vanquished.

Vanquished Creatures (others)
  2 fungi (Lair:2)
  13 plants
15 creatures vanquished.

Grand Total: 514 creatures vanquished

Notes
Turn   | Place    | Note
-------+----------+-------------------------------------------
     0 | D:1      | Decritt the Minotaur Berserker began the quest for the Orb.
     0 | D:1      | Reached XP level 1. HP: 19/19 MP: 0/0
   281 | D:1      | Reached skill level 4 in Axes
   572 | D:1      | Reached XP level 2. HP: 24/27 MP: 1/1
  1009 | D:2      | Found a shimmering blue altar of Sif Muna.
  1802 | D:3      | Reached XP level 3. HP: 34/34 MP: 2/2
  1806 | D:3      | Reached skill level 5 in Fighting
  1806 | D:3      | Reached skill level 5 in Axes
  1806 | D:3      | Reached XP level 4. HP: 42/42 MP: 3/3
  1913 | D:3      | Found a stormy altar of Qazlal.
  2023 | D:3      | Noticed a big kobold
  2042 | D:3      | Reached ** piety under Trog
  2044 | D:3      | Killed a big kobold
  2044 | D:3      | Reached XP level 5. HP: 38/50 MP: 4/4
  2099 | D:3      | Reached skill level 6 in Axes
  2477 | D:3      | Found a glowing golden altar of the Shining One.
  2570 | D:3      | Reached XP level 6. HP: 57/57 MP: 5/5
  3100 | D:4      | Found a glowing drain.
  3100 | D:4      | You fall into a shaft and drop 1 floor!
  3100 | D:5      | Entered Level 5 of the Dungeon
  3118 | D:5      | Reached *** piety under Trog
  3118 | D:5      | Reached XP level 7. HP: 64/64 MP: 6/6
  3201 | D:5      | Got a masterwork hand axe
  3201 | D:5      | Identified the +8 hand axe "Oxzogin" {antimagic, Int+5
                  | Dex-2} (You found it on level 5 of the Dungeon)
  3278 | D:5      | You fall into a shaft and drop 1 floor!
  3408 | D:6      | Reached skill level 7 in Axes
  3626 | D:5      | Got a pair of scorched boots
  3772 | D:4      | Identified the +4 pair of boots of Unutuut {rN+ Dex+4} (You
                  | found it on level 5 of the Dungeon)
  3881 | D:4      | Reached skill level 5 in Armour
  3881 | D:4      | Reached XP level 8. HP: 50/73 MP: 2/7
  4222 | D:4      | Reached skill level 5 in Dodging
  4690 | D:5      | Found Caann's Gadget Shoppe.
  5362 | D:6      | Reached **** piety under Trog
  5605 | D:7      | Found a staircase to the Ecumenical Temple.
  5765 | D:7      | Found a shadowy altar of Dithmenos.
  5893 | D:7      | Found a blossoming altar of Fedhas.
  6069 | D:8      | Reached skill level 1 in Throwing
  6465 | D:8      | Reached skill level 8 in Axes
  6823 | D:8      | Reached XP level 9. HP: 75/81 MP: 2/8
  6973 | D:9      | Noticed a troll
  6979 | D:9      | Killed a troll
  7360 | D:9      | Noticed a two-headed ogre
  7366 | D:9      | Killed a two-headed ogre
  7366 | D:9      | Reached skill level 9 in Axes
  7568 | D:9      | Reached XP level 10. HP: 45/90 MP: 3/9
  7961 | D:9      | Reached ***** piety under Trog
  8080 | D:9      | Reached skill level 10 in Axes
  8464 | D:10     | Entered Level 10 of the Dungeon
  8495 | D:10     | Noticed Grum
  8526 | D:10     | Killed Grum
 10352 | D:10     | Noticed a manticore
 10356 | D:10     | Killed a manticore
 10356 | D:10     | Reached skill level 11 in Axes
 10749 | D:10     | Killed an unseen horror
 10934 | D:10     | Reached XP level 11. HP: 94/99 MP: 10/10
 11261 | D:10     | Found a staircase to the Orcish Mines.
 11685 | D:11     | Reached skill level 10 in Fighting
 11971 | D:11     | Noticed a brown ugly thing
 11979 | D:11     | Killed a brown ugly thing
 12071 | D:11     | Found a staircase to the Lair.
 12082 | D:11     | Reached skill level 10 in Dodging
 12096 | D:11     | Reached skill level 12 in Axes
 12292 | D:11     | Found Muamp's General Store.
 12328 | D:11     | Noticed a purple ugly thing
 12339 | D:11     | Killed a purple ugly thing
 12706 | D:12     | Found a white marble altar of Elyvilon.
 12734 | D:12     | Noticed an orc knight
 12745 | D:12     | Killed an orc knight
 12748 | D:12     | Reached ****** piety under Trog
 12749 | D:12     | Received a gift from Trog
 12750 | D:12     | Reached skill level 10 in Armour
 12780 | D:12     | Got a jewelled executioner's axe {god gift}
 12962 | D:12     | Identified the +2 executioner's axe "Azeron Coga" {vorpal,
                  | rC+ Int+3} (Trog gifted it to you on level 12 of the
                  | Dungeon)
 13052 | D:12     | Noticed a fire dragon
 13074 | D:12     | Killed a fire dragon
 13322 | D:12     | Noticed a phantasmal warrior
 13322 | D:12     | Noticed a phantasmal warrior
 13338 | D:12     | Killed a phantasmal warrior
 13339 | D:12     | Killed a phantasmal warrior
 13339 | D:12     | Reached skill level 13 in Axes
 13671 | D:12     | Noticed a death knight
 13685 | D:12     | Killed a death knight
 13995 | D:12     | Paralysed by a hornet for 3 turns
 14000 | D:12     | Reached XP level 12. HP: 87/110 MP: 11/11
 14290 | D:12     | Noticed a two-headed ogre
 14296 | D:12     | Killed a two-headed ogre
 14320 | D:12     | Found Jefing's Armour Boutique.
 14329 | D:12     | Noticed Frances
 14347 | D:12     | Killed Frances
 14877 | Lair:1   | Entered Level 1 of the Lair of Beasts
 15294 | Lair:1   | Reached skill level 14 in Axes
 15893 | Lair:2   | Noticed a four-headed hydra
 15912 | Lair:2   | Killed a 14-headed hydra
 15917 | Lair:2   | HP: 2/112 [komodo dragon (20)]
 16672 | Orc:1    | Entered Level 1 of the Orcish Mines
 16705 | Orc:1    | Received a gift from Trog
 16983 | Orc:1    | Found a transporter.
 16994 | Orc:1    | Found a roughly hewn altar of Beogh.
 16994 | Orc:1    | Found a transporter.
 16994 | Orc:1    | Noticed an ettin
 16994 | Orc:1    | Noticed a stone giant
 17194 | Orc:2    | Entered Level 2 of the Orcish Mines
 17824 | Orc:2    | Reached XP level 13. HP: 63/119 MP: 12/12
 17885 | Orc:2    | Received a gift from Trog
 18303 | Orc:2    | Found a staircase to the Elven Halls.
 18981 | Orc:2    | HP: 2/119 [orc knight/+0 halberd of venom (31)]
 18982 | Orc:2    | Succumbed to an orc knight's poison

Illustrated notes

Levels and vault maps discovered:
D:1:      ebering_hopf_link, layout_basic
D:2:      layout_loops_ring, lemuel_round_altar
D:3:      cheibrodos_thug_alley, layout_loops_ring,
          nicolae_tso_carved_into_rock, nicolae_overflow_crystal_walls,
          grunt_ministairs_4
D:4:      layout_rooms, gup_sewer_entry_glass, serial_glass, glass_columns_b,
          glass_columns_a, glass_columns_c, glass_columns_b, glass_columns_a,
          glass_columns_a, glass_columns_b, glass_columns_a, serial_bayou_pond_d
D:5:      layout_loops_ring, serial_shops, nicolae_shop_waterfront
D:6:      lemuel_ice_spiral_2, layout_basic
D:7:      layout_gridville, fedhas_altar_decomposition,
          minmay_temple_entry_grid, nicolae_dithmenos_through_a_glass_darkly
D:8:      layout_basic
D:9:      layout_roguey
D:10:     layout_roguey, erik_orc_2, minivault_5, uniq_grum
D:11:     layout_small_grid, david_lair_shrubbed, serial_shops,
          nicolae_shop_stone, solitary_fountain
D:12:     layout_roguey [special_room_orc], basic_altar, serial_curves,
          eino_curves_01, eino_curves_01, eino_curves_02, serial_shops, shop,
          uniq_frances
Lair:1:   layout_cave_pods
Lair:2:   layout_long_grid, hangedman_lair_generics_rect, grunt_megastairs_2
Orc:1:    gammafunk_beogh_shrine, layout_diamond_mine
Orc:2:    st_orc_pillars, layout_diamond_mine

Skill      XL: |  1  2  3  4  5  6  7  8  9 10 11 12 |
---------------+-------------------------------------+-----
Fighting       | 4 5 6 7 8 9 11 12 | 12.9
Axes           | 4 5 6 7 8 9 11 13 14 | 14.7
Armour         | 3 5 7 8 9 10 12 | 12.7
Dodging        | 3 4 6 8 9 10 12 | 12.6
Throwing       | 2 3 4 |  4.1

Action                   |  1- 3 |  4- 6 |  7- 9 | 10-12 | 13-15 || total
-------------------------+-------+-------+-------+-------+-------++-------
Melee: Hand axe          |    39 |   113 |   214 |   116 |       ||   482
       Headbutt          |     3 |    25 |    44 |   113 |    30 ||   215
       Unarmed           |       |       |    11 |       |       ||    11
       Battleaxe         |       |       |       |   141 |       ||   141
       War axe           |       |       |       |     1 |       ||     1
       Executioner's axe |       |       |       |   228 |   107 ||   335
Throw: Stone             |    30 |    72 |     6 |       |       ||   108
       Dart              |       |       |   296 |   298 |    94 ||   688
       Javelin           |       |       |     1 |    39 |       ||    40
Invok: Berserk           |     1 |     2 |       |     8 |     3 ||    14
       Trog's Hand       |       |       |       |     3 |     3 ||     6
  Use: Scroll            |       |       |    16 |     5 |     1 ||    22
       Potion            |       |       |     4 |     8 |     2 ||    14
Armor: Animal skin       |     2 |       |       |       |       ||     2
       Chain mail        |     8 |    53 |    98 |    52 |       ||   211
       Skin              |       |       |     1 |       |       ||     1
       Plate armour      |       |       |       |   277 |    45 ||   322
Dodge: Dodged            |    11 |    39 |   127 |   450 |    93 ||   720

Table legend: (Time is in decaauts)
 A = Elapsed time spent in this place.
 B = Non-inter-level travel time spent in this place.
 C = Inter-level travel time spent in this place.
 D = Time resting spent in this place.
 E = Time spent auto-exploring this place.
 F = Levels seen in this place.
 G = Mean time per level.
                   A        B        C        D        E       F      G
               +--------+--------+--------+--------+--------+-----+--------+
         Total |  19104 |  18605 |    499 |   4407 |  10137 |  16 | 1194.0 |
       Dungeon |  15015 |  14571 |    444 |   2871 |   8830 |  12 | 1251.2 |
          Lair |   1702 |   1648 |     54 |    600 |    687 |   2 |  851.0 |
  Orcish Mines |   2386 |   2385 |      1 |    934 |    619 |   2 | 1193.0 |
               +--------+--------+--------+--------+--------+-----+--------+

Top non-repeatable levels by time:
    D:10: 3278 daAuts
    D:12: 2228 daAuts
  Lair:1: 1594 daAuts
   Orc:2: 1529 daAuts
     D:9: 1496 daAuts
     D:4: 1171 daAuts
     D:3: 1115 daAuts
    D:11: 1079 daAuts
     D:1: 975 daAuts
     D:8: 896 daAuts
     D:5: 875 daAuts
   Orc:1: 857 daAuts
     D:2: 783 daAuts
     D:6: 693 daAuts
     D:7: 422 daAuts
